TOP OF THE 1ST |
Canton Indians batting - Pitching for York Revolution : RHP John Kerfoot
|
Pitching: RHP John Kerfoot
|
|
Batting: RHB Nick Rainey
|
0-0: Ball 1-0: Fly out, F4 (Line Drive, 4M, EV 67.5 MPH)
|
Batting: RHB Oscar Hernandez
|
0-0: Ball 1-0: Ball 2-0: Swinging Strike 2-1: Called Strike 2-2: Strikes out looking
|
Batting: SHB Bob Ledlow
|
0-0: Foul Ball, location: 2F 0-1: Called Strike 0-2: Ball 1-2: Strikes out swinging
|
Top of the 1st over - 0 runs, 0 hits, 0 errors, 0 left on base; Canton 0 - York 0 |
BOTTOM OF THE 1ST |
York Revolution batting - Pitching for Canton Indians : LHP Mario Roman
|
Pitching: LHP Mario Roman
|
|
Batting: LHB Quincy Smart
|
0-0: Ball 1-0: Called Strike 1-1: Ball 2-1: Ball 3-1: Called Strike 3-2: Foul Ball, location: 2F 3-2: Strikes out looking
|
Batting: LHB Mike Hawk
|
0-0: Foul Ball, location: 2F 0-1: Swinging Strike 0-2: Ball 1-2: Strikes out looking
|
Batting: RHB Juan Gonzalez
|
0-0: Foul Ball, location: 2F 0-1: Swinging Strike 0-2: Ball 1-2: Foul Ball, location: 2F 1-2: Ball 2-2: SOLO HOME RUN (Flyball, 7D, EV 99.4 MPH), Distance : 390 ft
|
Batting: RHB Dan Shaffer
|
0-0: Called Strike 0-1: Foul Ball, location: 2F 0-2: Ball 1-2: Strikes out looking
|
Bottom of the 1st over - 1 run, 1 hit, 0 errors, 0 left on base; Canton 0 - York 1 |
TOP OF THE 2ND |
Canton Indians batting - Pitching for York Revolution : RHP John Kerfoot
|
Batting: RHB Manuel de los Santos
|
0-0: Ball 1-0: Ball 2-0: Ball 3-0: Base on Balls
|
Batting: LHB Jason Kessler
|
0-0: Ball 1-0: Swinging Strike 1-1: Ball 2-1: Swinging Strike 2-2: Strikes out swinging
|
Batting: RHB Ryan Paquette
|
0-0: Ball 1-0: Ball 2-0: Ball 3-0: Called Strike 3-1: Base on Balls Manuel de los Santos to second
|
Batting: RHB Giuliano Giacoletti Jr.
|
0-0: Ball 1-0: Reached on error, E6 (Groundball, 6S, EV 73.8 MPH) Manuel de los Santos scores Ryan Paquette to third
|
Batting: RHB Jesus Sanchez
|
0-0: Foul Ball, location: 2F 0-1: Swinging Strike 0-2: Ball 1-2: Foul Ball, location: 2F 1-2: Strikes out swinging
|
Batting: SHB Jose Abreu
|
0-0: Ground out 4-3 (Groundball, 34, EV 91.9 MPH)
|
Top of the 2nd over - 1 run, 0 hits, 1 error, 2 left on base; Canton 1 - York 1 |
BOTTOM OF THE 2ND |
York Revolution batting - Pitching for Canton Indians : LHP Mario Roman
|
Batting: RHB Alexis Graciani
|
0-0: Foul Ball, location: 2F 0-1: Fly out, F8 (Flyball, 8LS, EV 86.2 MPH)
|
Pitching: RHP Mike Roman
|
|
Batting: LHB Cipto Pakpahan
|
0-0: Hit by Pitch
|
Batting: RHB Mike Staunton
|
0-0: Ball 1-0: Called Strike 1-1: Ball 2-1: Ball 3-1: Fly out, F9 (Line Drive, 9, EV 105.6 MPH)
|
Batting: RHB Jonathan Steria
|
0-0: Ball 1-0: Foul Ball, location: 2F 1-1: Ball 2-1: Ball 3-1: Called Strike 3-2: Strikes out swinging
|
Bottom of the 2nd over - 0 runs, 0 hits, 0 errors, 1 left on base; Canton 1 - York 1 |
TOP OF THE 3RD |
Canton Indians batting - Pitching for York Revolution : RHP John Kerfoot
|
Batting: RHB Nick Rainey
|
0-0: Ball 1-0: Hit by Pitch
|
Batting: RHB Oscar Hernandez
|
0-0: Called Strike 0-1: Ball 1-1: Called Strike 1-2: Fielders Choice at 2nd, 1-6 (Groundball, 34S, EV 66.2 MPH)
|
Batting: SHB Bob Ledlow
|
0-0: Ball Oscar Hernandez steals 2nd base 1-0: Fly out, F9 (Flyball, 9, EV 83.8 MPH)
|
Batting: RHB Manuel de los Santos
|
0-0: 2-RUN HOME RUN (Flyball, 8LXD, EV 113.1 MPH), Distance : 438 ft
|
Batting: LHB Jason Kessler
|
0-0: Called Strike 0-1: Swinging Strike 0-2: Foul Ball, location: 2F 0-2: Ball 1-2: Ball 2-2: Foul Ball, location: 2F 2-2: Foul Ball, location: 2F 2-2: Ball 3-2: Strikes out looking and he ARGUES THE CALL AND IS TOSSED!
|
Top of the 3rd over - 2 runs, 1 hit, 0 errors, 0 left on base; Canton 3 - York 1 |
BOTTOM OF THE 3RD |
York Revolution batting - Pitching for Canton Indians : RHP Mike Roman
|
Now at 1B: David Haas
|
|
Batting: RHB Tim Schell
|
0-0: Called Strike 0-1: Ball 1-1: Ball 2-1: Ball 3-1: Foul Ball, location: 2F 3-2: Strikes out swinging
|
Batting: LHB Quincy Smart
|
0-0: Swinging Strike 0-1: Ball 1-1: Ball 2-1: Ball 3-1: Base on Balls
|
Batting: LHB Mike Hawk
|
0-0: Swinging Strike 0-1: Ball 1-1: Called Strike 1-2: Ball 2-2: Strikes out swinging
|
Batting: RHB Juan Gonzalez
|
0-0: Swinging Strike 0-1: Swinging Strike 0-2: Strikes out looking
|
Bottom of the 3rd over - 0 runs, 0 hits, 0 errors, 1 left on base; Canton 3 - York 1 |
TOP OF THE 4TH |
Canton Indians batting - Pitching for York Revolution : RHP John Kerfoot
|
Batting: RHB Ryan Paquette
|
0-0: Ball 1-0: Ball 2-0: Ball 3-0: Swinging Strike 3-1: Foul Ball, location: 2F 3-2: Foul Ball, location: 2F 3-2: Strikes out looking
|
Batting: RHB Giuliano Giacoletti Jr.
|
0-0: Foul Ball, location: 2F 0-1: Ball 1-1: Called Strike 1-2: Ball 2-2: Strikes out swinging
|
Batting: RHB Jesus Sanchez
|
0-0: Ball 1-0: Foul Ball, location: 2F 1-1: Foul Ball, location: 2F 1-2: Strikes out swinging
|
Top of the 4th over - 0 runs, 0 hits, 0 errors, 0 left on base; Canton 3 - York 1 |
BOTTOM OF THE 4TH |
York Revolution batting - Pitching for Canton Indians : RHP Mike Roman
|
Batting: RHB Dan Shaffer
|
0-0: Ball 1-0: Fly out, F8 (Line Drive, 8RD, EV 90.0 MPH)
|
Batting: RHB Alexis Graciani
|
0-0: Ball 1-0: Fly out, F8 (Flyball, 8RXD, EV 103.1 MPH)
|
Batting: LHB Cipto Pakpahan
|
0-0: Ball 1-0: Foul Ball, location: 2F 1-1: Ball 2-1: Ball 3-1: Called Strike 3-2: Strikes out looking
|
Bottom of the 4th over - 0 runs, 0 hits, 0 errors, 0 left on base; Canton 3 - York 1 |
TOP OF THE 5TH |
Canton Indians batting - Pitching for York Revolution : RHP John Kerfoot
|
Batting: SHB Jose Abreu
|
0-0: Called Strike 0-1: Foul Ball, location: 2F 0-2: Foul Ball, location: 2F 0-2: SINGLE (Flyball, 78S, EV 86.2 MPH)
|
Batting: RHB Nick Rainey
|
0-0: Called Strike 0-1: Called Strike 0-2: Ball 1-2: SINGLE (Line Drive, 9S, EV 95.6 MPH) Jose Abreu to second
|
Batting: RHB Oscar Hernandez
|
0-0: Foul Ball, location: 2F 0-1: Foul Ball, location: 2F 0-2: Ball 1-2: Strikes out looking
|
Batting: SHB Bob Ledlow
|
0-0: Ball 1-0: Ball 2-0: Ball 3-0: Base on Balls Jose Abreu to third Nick Rainey to second
|
Pitching: RHP A.J. Newman
|
|
Batting: RHB Manuel de los Santos
|
0-0: Called Strike 0-1: Ball 1-1: SINGLE (Flyball, 8LS, EV 91.9 MPH) Jose Abreu scores Nick Rainey to third Bob Ledlow to second Runner from 3rd tries for Home, SAFE, throw by CF to home Bob Ledlow to third Manuel de los Santos to second
|
Batting: RHB David Haas
|
0-0: Fly out, F9 (Flyball, 9, EV 87.5 MPH) Runner from 3rd tags up, OUT at HOME! 9-2
|
Top of the 5th over - 2 runs, 3 hits, 0 errors, 1 left on base; Canton 5 - York 1 |
BOTTOM OF THE 5TH |
York Revolution batting - Pitching for Canton Indians : RHP Mike Roman
|
Batting: RHB Mike Staunton
|
0-0: Foul Ball, location: 2F 0-1: Fly out, F4 (Popup, 3S, EV 83.8 MPH)
|
Batting: RHB Jonathan Steria
|
0-0: Fly out, F7 (Line Drive, 7D, EV 108.1 MPH)
|
Batting: RHB Tim Schell
|
0-0: Swinging Strike 0-1: Ball 1-1: Ball 2-1: Ball 3-1: Ground out 5-3 (Groundball, 56S, EV 88.8 MPH)
|
Bottom of the 5th over - 0 runs, 0 hits, 0 errors, 0 left on base; Canton 5 - York 1 |
TOP OF THE 6TH |
Canton Indians batting - Pitching for York Revolution : RHP A.J. Newman
|
Batting: RHB Ryan Paquette
|
0-0: SINGLE (Groundball, 56S, EV 66.2 MPH) (infield hit)
|
Batting: RHB Giuliano Giacoletti Jr.
|
0-0: Fly out, F9 (Flyball, 9, EV 82.5 MPH)
|
Batting: RHB Jesus Sanchez
|
0-0: Ball 1-0: Called Strike 1-1: Swinging Strike 1-2: Strikes out swinging
|
Batting: SHB Jose Abreu
|
0-0: Swinging Strike 0-1: Ball 1-1: Ball 2-1: Swinging Strike Passed Ball! Ryan Paquette to second 2-2: Foul Ball, location: 2F 2-2: Strikes out swinging
|
Top of the 6th over - 0 runs, 1 hit, 0 errors, 1 left on base; Canton 5 - York 1 |
BOTTOM OF THE 6TH |
York Revolution batting - Pitching for Canton Indians : RHP Mike Roman
|
Batting: LHB Quincy Smart
|
0-0: Ball 1-0: Foul Ball, location: 2F 1-1: Fly out, F9 (Flyball, 9, EV 91.2 MPH)
|
Batting: LHB Mike Hawk
|
0-0: Foul Ball, location: 2F 0-1: SOLO HOME RUN (Flyball, 9D, EV 100.0 MPH), Distance : 369 ft
|
Batting: RHB Juan Gonzalez
|
0-0: Called Strike 0-1: Swinging Strike 0-2: Ball 1-2: Ball 2-2: Ball 3-2: Foul Ball, location: 2F 3-2: Foul Ball, location: 2F 3-2: Strikes out looking
|
Batting: RHB Dan Shaffer
|
0-0: Called Strike 0-1: Ball 1-1: Ground out 6-3 (Groundball, 6, EV 80.0 MPH)
|
Bottom of the 6th over - 1 run, 1 hit, 0 errors, 0 left on base; Canton 5 - York 2 |
TOP OF THE 7TH |
Canton Indians batting - Pitching for York Revolution : RHP A.J. Newman
|
Batting: RHB Nick Rainey
|
0-0: Foul Ball, location: 2F 0-1: Swinging Strike 0-2: Ball 1-2: Strikes out swinging
|
Batting: RHB Oscar Hernandez
|
0-0: Called Strike 0-1: Foul Ball, location: 2F 0-2: Ball 1-2: SINGLE (Groundball, 56D, EV 103.8 MPH)
|
Batting: SHB Bob Ledlow
|
0-0: Foul Ball, location: 2F 0-1: Swinging Strike 0-2: Ball Passed Ball! Oscar Hernandez to second 1-2: SINGLE (Line Drive, 6D, EV 102.5 MPH) Oscar Hernandez to third
|
Batting: RHB Manuel de los Santos
|
0-0: Called Strike 0-1: Fly out, F7 (Flyball, 78M, EV 88.1 MPH) Throwing error, E7 Oscar Hernandez scores Bob Ledlow to second
|
Pinch Hitting: RHB Jose Lebron
|
0-0: Swinging Strike 0-1: Foul Ball, location: 2F 0-2: Ball 1-2: Foul Ball, location: 2F 1-2: Foul Ball, location: 2F 1-2: Ball 2-2: Foul Ball, location: 2F 2-2: Reached on error, E5 (Groundball, 56, EV 86.2 MPH) Bob Ledlow scores
|
Batting: RHB Ryan Paquette
|
0-0: Called Strike 0-1: Ground out 4-3 (Groundball, 4M, EV 81.2 MPH)
|
Top of the 7th over - 2 runs, 2 hits, 2 errors, 1 left on base; Canton 7 - York 2 |
BOTTOM OF THE 7TH |
York Revolution batting - Pitching for Canton Indians : RHP Mike Roman
|
Now at 1B: Julio Zamora
|
|
Batting: RHB Alexis Graciani
|
0-0: Called Strike 0-1: Fly out, F9 (Flyball, 89M, EV 86.9 MPH)
|
Pitching: LHP Willie Tirado
|
|
Batting: LHB Cipto Pakpahan
|
0-0: Ball 1-0: Called Strike 1-1: Swinging Strike 1-2: Ball 2-2: Strikes out swinging
|
Batting: RHB Mike Staunton
|
0-0: Foul Ball, location: 2F 0-1: Ball 1-1: Ball 2-1: Ground out 5-3 (Groundball, 56, EV 110.0 MPH)
|
Bottom of the 7th over - 0 runs, 0 hits, 0 errors, 0 left on base; Canton 7 - York 2 |
TOP OF THE 8TH |
Canton Indians batting - Pitching for York Revolution : RHP A.J. Newman
|
Batting: RHB Giuliano Giacoletti Jr.
|
0-0: Called Strike 0-1: Swinging Strike 0-2: Foul Ball, location: 2F 0-2: Fly out, F4 (Popup, 34S, EV 78.1 MPH)
|
Batting: RHB Jesus Sanchez
|
0-0: Ball 1-0: Called Strike 1-1: Swinging Strike 1-2: Hit by Pitch
|
Pitching: RHP Ryan Imes
|
|
Batting: SHB Jose Abreu
|
0-0: DOUBLE (Flyball, 8RD, EV 104.4 MPH) Jesus Sanchez to third
|
Pinch Hitting: RHB Joe Bauer
|
0-0: Ball 1-0: SINGLE (Line Drive, 9S, EV 90.0 MPH) Jesus Sanchez scores Jose Abreu to third Runner from 3rd tries for Home, SAFE, throw by RF to home
|
Pinch Hitting: RHB Nick Paulsen
|
0-0: Swinging Strike 0-1: Ball 1-1: Ball 2-1: Foul Ball, location: 2F 2-2: Fly out, F8 (Flyball, 8RS, EV 88.1 MPH)
|
Batting: SHB Bob Ledlow
|
0-0: Swinging Strike 0-1: Ball 1-1: Foul Ball, location: 2F 1-2: Foul Ball, location: 2F 1-2: Ball 2-2: Strikes out looking
|
Top of the 8th over - 2 runs, 2 hits, 0 errors, 1 left on base; Canton 9 - York 2 |
BOTTOM OF THE 8TH |
York Revolution batting - Pitching for Canton Indians : LHP Willie Tirado
|
Now in LF: Nick Paulsen
|
|
Now in RF: Tom Auld
|
|
Pinch Hitting: RHB Zach Walk
|
0-0: Ball 1-0: Ball 2-0: Called Strike 2-1: Ball 3-1: Foul Ball, location: 2F 3-2: Strikes out swinging
|
Batting: RHB Tim Schell
|
0-0: Swinging Strike 0-1: Ball 1-1: Swinging Strike 1-2: Ball 2-2: Strikes out swinging
|
Batting: LHB Quincy Smart
|
0-0: Fly out, F7 (Flyball, 7D, EV 106.2 MPH)
|
Bottom of the 8th over - 0 runs, 0 hits, 0 errors, 0 left on base; Canton 9 - York 2 |
TOP OF THE 9TH |
Canton Indians batting - Pitching for York Revolution : RHP Ryan Imes
|
Now in LF: Zach Walk
|
|
Pinch Hitting: RHB Darren Allan
|
0-0: Ball 1-0: Swinging Strike 1-1: Foul Ball, location: 2F 1-2: Ball 2-2: Foul Ball, location: 2F 2-2: Ball 3-2: Ground out 1-3 (Groundball, 25, EV 68.1 MPH)
|
Pinch Hitting: LHB Mike Humfleet
|
0-0: Called Strike 0-1: Foul Ball, location: 2F 0-2: Foul Ball, location: 2F 0-2: Strikes out looking and he ARGUES THE CALL AND IS TOSSED!
|
Batting: RHB Ryan Paquette
|
0-0: Ground out 6-3 (Groundball, 6, EV 108.8 MPH)
|
Top of the 9th over - 0 runs, 0 hits, 0 errors, 0 left on base; Canton 9 - York 2 |
BOTTOM OF THE 9TH |
York Revolution batting - Pitching for Canton Indians : LHP Willie Tirado
|
Now at 1B: Bill Gallardo
|
|
Now at 3B: Mike Belile
|
|
Batting: LHB Mike Hawk
|
0-0: Called Strike 0-1: Foul Ball, location: 2F 0-2: Strikes out looking
|
Pinch Hitting: RHB Justin Crowder
|
0-0: Ball 1-0: Called Strike 1-1: Ball 2-1: Foul Ball, location: 2F 2-2: Ground out 1-3 (Groundball, 13S, EV 68.8 MPH)
|
Batting: RHB Dan Shaffer
|
0-0: Ball 1-0: Ball 2-0: Ball 3-0: Called Strike 3-1: Called Strike 3-2: Ground out 6-3 (Groundball, 6MD, EV 109.4 MPH)
|
Bottom of the 9th over - 0 runs, 0 hits, 0 errors, 0 left on base; Canton 9 - York 2 |
|